Map: Frozen Temple

Players

Miszu

  • Race: Terran Terran
  • League: Master

SolO - Winner!

  • Race: Zerg Zerg
  • League: Grandmaster

VOD

Have the link to the VOD?

Description

Time

  • Played on: April 5, 2016, 2:43 p.m.
  • Length: 16:38
Show
View Real Time Build Order
Export as new Build Order

Miszu Terran 

Build Orders: Reaper Expand, Hellion Banshee 

Get SALT Encoding   

  12  0:01  SCV  
  13  0:13  SCV  
  14  0:18  Supply Depot  
  14  0:25  SCV  
  15  0:40  SCV  
  16  0:42  Barracks  
  16  0:47  Refinery  
  16  0:52  SCV  
  17  1:11  SCV  
  19  1:30  Reaper  
  19  1:31  Orbital Command  
  19  1:38  Command Center  
  19  1:49  Supply Depot  
  19  1:57  SCV  
  20  2:02  Refinery, Marine  
  21  2:09  SCV  
  22  2:16  Bunker  
  22  2:21  SCV  
  23  2:27  Marine  
  24  2:33  SCV  
  24  2:36  Factory  
  25  2:45  SCV  
  25  2:51  Supply Depot  
  26  2:52  Barracks Reactor, Orbital Command  
  26  3:02  SCV  
  27  3:14  SCV  
  27  3:18  SCV  
  29  3:21  Starport  
  29  3:26  SCV  
  30  3:30  SCV  
  31  3:35  Supply Depot  
  31  3:38  SCV  
  31  3:40  Hellion x2  
  36  3:42  Barracks Tech Lab, SCV  
  37  3:50  SCV  
  37  3:54  SCV  
  38  4:01  Hellion x2  
  42  4:07  SCV  
  43  4:10  SCV  
  43  4:13  Command Center  
  43  4:15  Cloaking Field  
  43  4:16  Banshee  
  47  4:19  SCV  
  48  4:26  SCV  
  48  4:28  Supply Depot  
  49  4:31  SCV  
  49  4:34  Refinery  
  49  4:35  Refinery, Hellion  
  49  4:38  SCV  
  53  4:40  Hellion  
  53  4:43  SCV  
  56  4:50  SCV  
  57  4:55  SCV  
  57  4:58  Starport x2  
  58  5:01  Banshee  
  58  5:03  SCV  
  62  5:08  SCV  
  62  5:11  Supply Depot  
  63  5:15  SCV  
  63  5:17  Engineering Bay  
  63  5:20  Fusion Core, SCV  
  65  5:27  SCV  
  67  5:32  SCV  
  67  5:33  Orbital Command  
  67  5:36  Liberator x2  
  67  5:39  SCV  
  67  5:41  Starport Tech Lab  
  68  5:44  SCV, Banshee  
  72  5:51  SCV  
  72  5:56  SCV  
  80  5:59  Orbital Command  
  80  6:03  SCV  
  81  6:04  Banshee  
  81  6:08  SCV  
  85  6:15  SCV  
  85  6:16  Hyperflight Rotors  
  86  6:20  Refinery, SCV  
  86  6:21  Refinery  
  86  6:24  Supply Depot  
  86  6:25  SCV  
  88  6:28  SCV, Liberator x2  
  88  6:32  SCV  
  90  6:35  Banshee  
  93  6:46  SCV x2  
  101  7:03  Supply Depot  
  101  7:05  SCV x3, Banshee  
  101  7:06  Supply Depot  
  101  7:07  Liberator  
  107  7:11  Liberator x2  
  107  7:13  Missile Turret  
  107  7:15  Missile Turret  
  107  7:18  SCV x2  
  107  7:20  Missile Turret  
  109  7:22  Missile Turret  
  109  7:23  Missile Turret x2  
  109  7:25  SCV  
  109  7:26  Supply Depot  
  109  7:27  Missile Turret  
  119  7:30  SCV x2  
  121  7:40  Command Center  
  121  7:48  Supply Depot  
  124  7:54  Liberator x2  
  124  8:04  Starport x2  
  124  8:05  Armory  
  133  8:23  Viking  
  133  8:24  Viking  
  130  8:51  Viking  
  130  8:52  Liberator x2  
  130  8:53  Viking  
  130  8:54  Viking  
  136  9:04  Liberator  
  142  9:17  Command Center  
  142  9:19  Command Center x2  
  142  9:22  Command Center  
  145  9:25  Terran Ship Weapons Level 1  
  142  9:43  Banshee  
  142  9:44  Liberator  
  137  9:52  Banshee  
  134  10:00  Liberator  
  108  10:21  Liberator  
  108  10:25  SCV  
  108  10:26  SCV x2  
  106  10:42  Liberator  
  106  10:45  Starport Tech Lab, SCV x2  
  106  10:46  Supply Depot x3, SCV  
  106  10:49  Liberator  
  101  10:54  Planetary Fortress  
  96  10:57  SCV  
  96  10:58  SCV  
  96  11:01  Orbital Command x2  
  101  11:04  Liberator, Missile Turret  
  101  11:05  Refinery  
  101  11:06  Refinery, Missile Turret  
  101  11:08  SCV  
  101  11:09  SCV  
  101  11:10  SCV  
  107  11:17  Refinery, Missile Turret  
  107  11:18  Refinery, Liberator  
  105  11:20  SCV  
  105  11:22  SCV x2  
  110  11:25  Liberator, Missile Turret  
  110  11:30  SCV  
  110  11:32  SCV  
  112  11:34  SCV x2  
  117  11:44  SCV  
  117  11:46  SCV x2, Missile Turret  
  120  11:47  Liberator  
  120  11:49  Missile Turret  
  120  11:51  Missile Turret  
  120  11:52  Missile Turret  
  119  11:56  SCV  
  119  11:58  SCV x2  
  125  12:01  Liberator x2  
  128  12:08  Liberator, SCV  
  128  12:09  Barracks Reactor  
  128  12:10  SCV x2  
  137  12:25  Banshee  
  140  12:30  Liberator  
  140  12:35  Command Center  
  140  12:41  Command Center  
  143  12:58  Missile Turret  
  143  13:00  Orbital Command  
  143  13:01  Missile Turret  
  143  13:12  Viking x4  
  151  13:21  Refinery, Planetary Fortress  
  151  13:26  Refinery  
  151  13:30  Viking  
  151  13:32  Liberator, Missile Turret  
  153  13:41  Missile Turret x2  
  161  13:53  Terran Ship Weapons Level 2  
  162  13:57  Viking x2  
  162  13:58  Starport  
  166  14:03  Sensor Tower  
  166  14:04  Sensor Tower  
  166  14:07  Starport Reactor  
  166  14:08  Starport Reactor, Starport Tech Lab  
  160  14:10  Planetary Fortress  
  160  14:13  Building Armor  
  160  14:21  Command Center  
  160  14:24  Liberator  
  160  14:27  Viking x3  
  166  14:35  Missile Turret  
  166  14:42  Banshee  
  178  14:46  Viking x2  
  176  14:56  Missile Turret  
  176  15:06  Command Center  
  176  15:07  Command Center  
  176  15:44  Banshee x2  
  176  15:46  Viking x6  
  176  15:47  Viking  
Show
View Real Time Build Order
Export as new Build Order

SolO Zerg - Winner!

Build Orders: Hatch First, Muta Ling Bane 

Get SALT Encoding   

  12  0:01  Drone  
  13  0:12  Overlord  
  13  0:18  Drone  
  14  0:31  Drone  
  14  0:32  Drone  
  14  0:35  Drone  
  17  0:53  Hatchery  
  17  0:56  Drone  
  17  1:00  Drone  
  18  1:10  Extractor  
  17  1:15  Spawning Pool  
  17  1:18  Drone  
  17  1:21  Drone  
  18  1:28  Drone  
  19  1:39  Overlord  
  19  1:50  Drone  
  20  2:01  Queen  
  20  2:02  Zergling x2  
  20  2:06  Zergling x2, Queen  
  26  2:11  Metabolic Boost  
  26  2:12  Drone  
  27  2:17  Drone  
  28  2:26  Drone  
  29  2:32  Drone x2  
  31  2:38  Overlord  
  31  2:42  Queen  
  33  2:45  Drone  
  34  2:52  Drone  
  34  2:58  Drone  
  36  3:01  Drone  
  36  3:05  Drone  
  38  3:10  Queen  
  38  3:12  Zergling x8  
  44  3:14  Overlord  
  44  3:17  Spore Crawler  
  43  3:23  Overlord  
  44  3:34  Drone x4  
  47  3:37  Hatchery  
  47  3:45  Spore Crawler  
  47  3:59  Overlord  
  47  4:01  Extractor, Drone x5  
  51  4:05  Overlord  
  51  4:07  Evolution Chamber x2  
  51  4:09  Queen  
  51  4:11  Drone  
  51  4:15  Drone, Spore Crawler  
  52  4:24  Drone x3  
  52  4:25  Drone  
  56  4:32  Extractor, Drone x4  
  56  4:35  Zerg Ground Armor Level 1  
  59  4:47  Zerg Melee Weapons Level 1  
  59  4:48  Drone  
  59  4:49  Queen, Drone x2  
  63  5:00  Overlord  
  63  5:06  Drone  
  63  5:07  Lair, Drone x6  
  70  5:15  Extractor  
  70  5:19  Overlord  
  69  5:23  Drone  
  69  5:24  Drone x5  
  75  5:32  Spore Crawler  
  75  5:33  Spore Crawler  
  75  5:34  Zergling x10  
  79  5:35  Zergling x2  
  77  5:44  Spore Crawler  
  77  5:47  Drone x3  
  77  6:02  Drone x2  
  77  6:03  Drone  
  80  6:05  Drone x3  
  80  6:06  Drone  
  80  6:08  Spire, Overseer  
  80  6:11  Overlord x2  
  83  6:16  Drone x4  
  87  6:20  Extractor, Drone  
  87  6:27  Baneling Nest  
  87  6:32  Zerg Ground Armor Level 2  
  86  6:33  Drone  
  86  6:34  Drone x3  
  86  6:37  Overlord, Extractor  
  89  6:42  Hatchery  
  84  7:07  Drone x2  
  86  7:08  Zerg Melee Weapons Level 2  
  86  7:10  Centrifical Hooks  
  86  7:12  Zergling x28  
  86  7:13  Zergling x4  
  102  7:20  Overlord  
  102  7:25  Mutalisk x2  
  102  7:28  Mutalisk  
  102  7:29  Mutalisk x2  
  112  7:31  Mutalisk  
  112  7:35  Mutalisk x2  
  118  7:40  Pneumatized Carapace  
  118  7:43  Zergling x4  
  118  7:44  Zergling x10  
  125  7:48  Drone  
  127  7:51  Drone  
  127  7:54  Mutalisk x2  
  127  7:58  Overlord x3  
  131  8:01  Zerg Flyer Weapons Level 1  
  131  8:04  Drone x2  
  133  8:09  Overlord x2  
  133  8:10  Overlord  
  133  8:16  Drone x2  
  133  8:17  Infestation Pit, Mutalisk x2, Extractor  
  137  8:32  Mutalisk x3  
  133  8:56  Queen x3  
  133  8:57  Queen  
  139  9:04  Pathogen Glands  
  139  9:05  Corruptor x4  
  147  9:12  Corruptor  
  149  9:20  Corruptor  
  149  9:21  Drone x2, Hatchery  
  149  9:22  Drone x3  
  155  9:25  Drone x2  
  155  9:26  Corruptor  
  155  9:28  Extractor  
  158  9:38  Corruptor x2  
  133  9:46  Corruptor x2  
  133  9:56  Corruptor x2  
  114  10:10  Corruptor x2  
  100  10:27  Corruptor x3  
  103  10:30  Drone x6  
  103  10:31  Queen x2  
  103  10:34  Queen  
  112  10:42  Zergling x8  
  112  10:43  Zergling x4  
  112  10:48  Overseer  
  112  10:49  Overseer  
  113  10:50  Zerg Flyer Weapons Level 2  
  113  10:55  Drone x4  
  113  10:56  Drone x2  
  115  10:58  Extractor  
  115  10:59  Hatchery  
  115  11:00  Extractor, Spore Crawler  
  115  11:02  Zergling x6  
  115  11:03  Zergling x2  
  115  11:07  Drone x4  
  119  11:12  Zerg Missile Weapons Level 1  
  116  11:25  Zergling x18  
  116  11:26  Zergling x2  
  123  11:59  Drone x3  
  126  12:19  Hive  
  126  12:29  Infestor x4  
  134  12:33  Overlord  
  134  12:34  Extractor, Drone  
  134  12:35  Drone x2  
  136  12:38  Corruptor  
  136  12:39  Corruptor x7  
  136  12:41  Overlord x2  
  152  12:48  Corruptor  
  149  13:04  Overlord  
  147  13:06  Drone x3  
  147  13:09  Drone x2  
  146  13:14  Queen x3  
  146  13:17  Overseer  
  151  13:25  Hatchery  
  150  13:34  Spore Crawler, Drone x5  
  152  13:35  Viper x3, Spore Crawler  
  152  13:39  Spore Crawler  
  152  13:40  Spore Crawler x3  
  152  13:41  Spore Crawler, Viper x2  
  157  13:42  Infestor x2  
  157  13:44  Corruptor x2, Zerg Flyer Armor Level 1  
  171  14:08  Drone x3, Evolution Chamber  
  171  14:09  Evolution Chamber x2  
  171  14:16  Ultralisk Cavern  
  170  14:21  Adrenal Glands  
  170  14:25  Overlord  
  170  14:27  Corruptor  
  170  14:29  Drone x2  
  174  14:33  Drone  
  174  14:34  Drone x3  
  178  14:54  Corruptor  
  178  14:59  Overseer x2  
  180  15:04  Hatchery  
  180  15:05  Spore Crawler, Overseer  
  180  15:06  Drone, Spore Crawler  
  178  15:07  Drone  
  178  15:08  Spore Crawler x2  
  178  15:09  Drone  
  176  15:14  Spore Crawler  
  174  15:28  Corruptor x3  
  174  15:29  Corruptor  
  182  15:40  Corruptor x2  
  185  15:53  Drone x4  
  185  15:54  Drone  
Tags
 
Add a new tag
Caveats
  • Supply blocks, unpowered buildings, or Contaminate may cause inaccurate times.
  • Supply counts are checked every 10 seconds.